AoeStats
← vdL

Arena

505739488Analyzed
3v3 RM · 23d ago on Sep 10, 2026· 55m 6s· 6 players
Game mode
Random Map
Map size
Normal (6 player)
Population
200
Speed
Normal
Resources
Standard
Victory
Conquest
Starting age
Dark Age
Ending age
Imperial Age
RankedLock teamsTeams togetherTeam positionsShared explorationLock speedFull tech treeHidden civsTurbo modeCheats
Victory
Defeat
🇨🇱 Romans · Chile
988
+21
🇳🇱 Mongols · Netherlands
982
+21
🇨🇿 Franks · Czechia
943
+23
🇫🇷 Koreans · France
1159
-24
🇬🇧 Goths · United Kingdom
1144
-23
🇫🇷 Vietnamese · France
1006
-18
jakubpekar
10:58 Feudal Age
9:15 Loom
15:29 Castle Age
13:42 Double-Bit Axe
18:55 Bow Saw
18:43 Gold Mining
18:48 Stone Mining
25:35 Gold Shaft Mining
25:30 Stone Mining
27:35 Wheelbarrow
30:39 Imperial Age
30:22 Murder Holes
30:37 Masonry
30:39 Fortified Wall
30:55 Ballistics
30:50 Forging
30:45 Scale Barding Armor
31:14 Hand Cart
30:46 Town Watch
31:40 Cavalier
32:23 Husbandry
33:04 Iron Casting
32:55 Chain Barding Armor
32:26 Light Cavalry
33:03 Fletching
33:14 Padded Archer Armor
35:06 Blast Furnace
34:12 Paladin
36:42 Plate Barding Armor
38:10 Fletching
38:21 Scale Mail Armor
38:22 Padded Archer Armor
40:55 Chain Mail Armor
40:36 Bodkin Arrow
40:57 Leather Archer Armor
51:09 Conscription
52:13 Chivalry
vdL
11:12 Feudal Age
12:45 Horse Collar
14:45 Loom
17:13 Castle Age
15:12 Double-Bit Axe
16:08 Gold Mining
18:56 Stone Mining
20:50 Bow Saw
25:41 Gold Shaft Mining
29:32 Wheelbarrow
28:53 Fletching
29:07 Padded Archer Armor
29:43 Bodkin Arrow
32:29 Imperial Age
29:48 Town Watch
30:50 Leather Archer Armor
31:16 Fortified Wall
31:28 Ballistics
31:56 Forging
31:52 Scale Barding Armor
32:10 Bloodlines
32:00 Husbandry
31:29 Light Cavalry
32:31 Hand Cart
33:10 Thumb Ring
33:26 Bracer
34:02 Iron Casting
33:49 Chain Barding Armor
34:03 Conscription
34:29 Parthian Tactics
33:54 Hussar
35:21 Masonry
35:39 Heavy Plow
35:43 Town Patrol
36:47 Blast Furnace
36:55 Elite Mangudai
40:48 Chemistry
44:59 Caravan
50:10 Capped Ram
52:45 Siege Ram
Boss's Order
1:56 Loom
10:38 Feudal Age
11:16 Double-Bit Axe
11:19 Horse Collar
13:01 Wheelbarrow
12:54 Gold Mining
18:40 Castle Age
19:43 Hand Cart
20:13 Bow Saw
24:08 Gold Shaft Mining
23:24 Stone Mining
24:10 Heavy Plow
24:22 Town Watch
30:50 Imperial Age
29:28 Scale Mail Armor
29:19 Fletching
29:40 Pikeman
30:37 Forging
30:28 Padded Archer Armor
30:44 Chain Mail Armor
31:05 Stone Mining
31:31 Squires
32:03 Scale Barding Armor
31:58 Bodkin Arrow
33:20 Chemistry
32:41 Ballistics
32:14 Halberdier
33:23 Heavy Scorpion
35:21 Iron Casting
35:24 Crop Rotation
35:23 Town Patrol
38:34 Blast Furnace
37:51 Leather Archer Armor
39:42 Conscription
40:35 Masonry
40:21 Murder Holes
40:56 Chain Barding Armor
41:07 Ring Archer Armor
44:58 Guilds
47:44 Caravan
50:14 Comitatenses
50:18 Ballistas
Iced0ux
7:32 Loom
11:31 Feudal Age
17:34 Castle Age
21:08 Double-Bit Axe
21:09 Horse Collar
22:33 Bow Saw
24:24 Heavy Plow
25:22 Pikeman
26:51 Squires
26:51 Elite Skirmisher
29:05 Gold Mining
32:11 Imperial Age
30:28 Forging
30:19 Scale Mail Armor
31:51 Iron Casting
31:37 Fletching
31:44 Stone Mining
32:29 Imperial Skirmisher
32:40 Halberdier
34:32 Chemistry
33:54 Ballistics
35:11 Wheelbarrow
34:21 Town Watch
34:59 Chain Mail Armor
34:40 Bodkin Arrow
42:57 Capped Ram
53:18 Hand Cart
53:03 Town Patrol
AzmaBis
11:08 Feudal Age
12:07 Double-Bit Axe
12:04 Horse Collar
18:12 Castle Age
17:43 Gold Mining
17:46 Stone Mining
19:19 Bow Saw
19:11 Heavy Plow
19:54 Scale Barding Armor
21:17 Town Watch
23:05 Wheelbarrow
22:30 Loom
24:17 Hand Cart
25:48 Chain Barding Armor
30:18 Imperial Age
28:33 Stone Shaft Mining
28:44 Fortified Wall
28:32 Murder Holes
29:38 Town Patrol
30:13 Chatras
30:29 Forging
30:57 Husbandry
31:07 Bloodlines
32:43 Two-Man Saw
32:44 Plate Barding Armor
32:29 Elite Battle Elephant
33:21 Bloodlines
34:01 Arrowslits
34:01 Treadmill Crane
35:47 Block Printing
37:12 Chemistry
37:15 Padded Archer Armor
37:51 Iron Casting
39:36 Pikeman
40:16 Squires
45:33 Halberdier
47:17 Scale Mail Armor
48:21 Chain Mail Armor
Flynxis
11:03 Feudal Age
16:29 Castle Age
16:07 Double-Bit Axe
19:41 Bow Saw
21:43 Horse Collar
23:30 Pikeman
25:29 Wheelbarrow
24:44 Loom
24:45 Town Watch
28:27 Hand Cart
28:56 Scale Mail Armor
29:08 Forging
31:33 Imperial Age
29:24 Heavy Plow
29:23 Gold Mining
29:23 Stone Mining
31:22 Anarchy
31:40 Chain Mail Armor
32:01 Iron Casting
32:13 Masonry
32:44 Town Patrol
33:21 Stone Shaft Mining
32:12 Elite Huskarl
33:10 Halberdier
33:50 Squires
34:55 Blast Furnace
36:21 Two-Man Saw
35:54 Crop Rotation
36:49 Scale Barding Armor
38:37 Light Cavalry
39:28 Bloodlines
39:19 Husbandry
39:24 Hussar
50:30 Ballistics
51:20 Chemistry
Connection lost

Rejoining the realm…

Still unreachable

The connection could not be restored.

Session expired

The server has moved on; the page needs a fresh start.